 Dungeon Sprint DCSS version 0.30.1-4-g462c640d31 (webtiles) character file.

Game seed: 7735985009461341585

5735 Heoruswealwe the Sorcerer (level 10, -4/50 HPs)
             Began as a Deep Elf Earth Elementalist on Aug 30, 2023.
             Was a Follower of Vehumet.
             Slain by a centaur warrior (5 damage)
             ... in the Dungeon (Sprint I: "Red Sonja").
             The game lasted 00:11:10 (1011 turns).

Heoruswealwe the Sorcerer (DEEE)                    Turns: 1011, Time: 00:11:10

Health: -4/50      AC:  2    Str:  5    XL:     10   Next: 48%
Magic:  23/38      EV: 12    Int: 25    God:    Vehumet [*.....]
Gold:   549        SH:  0    Dex: 15    Spells: 43/53 levels left

rFire   . . .        a - +0 dagger
rCold   . . .        (no shield)
rNeg    . . .        c - +0 robe
rPois   .            (no helmet)
rElec   .            (no cloak)
rCorr   .            (no gloves)
SInv    .            (no boots)
Will    +....        (no amulet)
Stlth   ++           (no ring)
HPRegen 0.28/turn    (no ring)
MPRegen 0.26/turn

%: no teleportation
@: no status effects
A: no striking features
a: Renounce Religion


You were in the Dungeon.
You worshipped Vehumet.
Vehumet was aware of your devotion.
You visited 1 branch You collected 936 gold pieces.
You spent 349 gold pieces at shops.
You donated 38 gold pieces to Zin.

Inventory:

Hand Weapons
 a - a +0 dagger (weapon)
Armour
 c - a +0 robe (worn)
Jewellery
 m - a ring of willpower
Wands
 e - a wand of digging (5)
 l - a wand of paralysis (10)
Scrolls
 g - a scroll of fog {unknown}
 h - 5 scrolls of identify {unknown}
 i - a scroll of enchant armour {unknown}
 j - 2 scrolls of fear {unknown}
 k - a scroll of enchant weapon {unknown}
 q - a scroll of poison {unknown}
Potions
 b - 3 potions of magic
 d - a potion of heal wounds
 f - 3 potions of curing
 n - a potion of flight {unknown}
 o - a potion of invisibility {unknown}
 p - a potion of brilliance {unknown}


   Skills:
 - Level 2.4 Dodging
 - Level 2.4 Stealth
 + Level 22.3 Spellcasting
 - Level 1.1 Transmutations
 + Level 19.3 Earth Magic


You had 43 spell levels left.
You knew the following spells:

 Your Spells              Type           Power      Damage    Failure   Level
a - Sandblast             Erth           100%       2d20      0%          1
b - Stone Arrow           Conj/Erth      100%       3d13      1%          3
c - Petrify               Tmut/Erth      68%        N/A       1%          4
z - Passwall              Tmut/Erth      56%        N/A       1%          2

Your spell library contained the following spells:

 Spells                   Type           Power      Damage    Failure   Level
 Kiss of Death            Conj/Necr      100%       2d13      1%          1


Dungeon Overview and Level Annotations

Branches:
Dungeon (1/1)

Altars:
Cheibriados
Dithmenos
Elyvilon
Fedhas
Gozag
Hepliaklqana
Kikubaaqudgha
Makhleb
Nemelex Xobeh
Okawaru
Qazlal
Ru
Sif Muna
Trog
Uskayaw
Vehumet
Wu Jian
Xom
Yredelemnul
Zin
The Shining One
Jiyva
Lugonu

Shops:
D =***[([


Message History

Found 2 scrolls labelled PIPURU SOUH NOODD and 15 gold pieces.
Casting: Stone Arrow (safe; 1% risk of failure)
Confirm with . or Enter, or press ? or * to list all spells.
Aiming: Petrify (safe; 1% risk of failure)
Press: ? - help, Shift-Dir - straight line, f - centaur warrior
Aim: a centaur warrior (purple smoke, asleep, chance to affect: 63%)
The centaur warrior shouts!
The centaur warrior resists with significant effort.
You hear a shout!
The centaur warrior wields a +0 shortbow.
The centaur warrior shoots an arrow.
The arrow hits you!!
Casting: Petrify (safe; 1% risk of failure)
Confirm with . or Enter, or press ? or * to list all spells.
Aiming: Petrify (safe; 1% risk of failure)
Press: ? - help, Shift-Dir - straight line, f/p - centaur warrior
Aim: a centaur warrior, wielding a +0 shortbow (chance to affect: 63%)
The centaur warrior resists with significant effort.
The centaur warrior shoots an arrow.
The arrow hits you!!
* * * LOW HITPOINT WARNING * * *
Unknown command.
Casting: Petrify (safe; 1% risk of failure)
Confirm with . or Enter, or press ? or * to list all spells.
Aiming: Petrify (safe; 1% risk of failure)
Press: ? - help, Shift-Dir - straight line, f/p - centaur warrior
Aim: a centaur warrior, wielding a +0 shortbow (chance to affect: 63%)
The centaur warrior resists with significant effort.
Okay, then.
Casting: Petrify (safe; 1% risk of failure)
Confirm with . or Enter, or press ? or * to list all spells.
Aiming: Petrify (safe; 1% risk of failure)
Press: ? - help, Shift-Dir - straight line, f/p - centaur warrior
Aim: a centaur warrior, wielding a +0 shortbow (purple smoke, chance to affect: 63%)
The centaur warrior is moving more slowly.
The centaur warrior unwields a +0 shortbow.
The centaur warrior hits you!
* * * LOW HITPOINT WARNING * * *
The centaur warrior kicks you.
* * * LOW HITPOINT WARNING * * *
The centaur warrior hits you.
You die...

#..'..#..'..#__#..)...#
)..#..)..#..'..'..#...#
#####'#####'#__####...+
####..#...#.####?$#####
#__####..##(#§~§.c
#_____##'#_.+§§§§
#_.∩...'..._#~§§
#_..__##_.#'##§###
#_____###'#.#(§c@###
#########.####§###.##
.......'..÷'.....'.∩#
''''####.).##########
.....####.###
......#.#'#.#
#.....#.....#
......#..)..#
...#..#######


You could see a centaur warrior (petrifying).

Vanquished Creatures
  Sonja (D)
  A deep troll (D)
  8 shining eyes (D)
  2 kobold demonologists (D)
  Sigmund (D)
  A slime creature (D)
  A yak (D)
  5 floating eyes (D)
  An ogre (D)
  A jelly (D)
  Ijyb (D)
23 creatures vanquished.

Vanquished Creatures (others)
  2 ballistomycete spores (D)
2 creatures vanquished.

Grand Total: 25 creatures vanquished

Notes
Turn   | Place    | Note
-------+----------+-------------------------------------------
     0 | D        | Heoruswealwe the Deep Elf Earth Elementalist began the
                  | quest for the Orb.
     0 | D        | Reached XP level 1. HP: 10/10 MP: 6/6
     1 | D        | Noticed Ijyb
    12 | D        | Killed Ijyb
    13 | D        | Reached skill level 6 in Spellcasting
    13 | D        | Reached skill level 5 in Earth Magic
    13 | D        | Reached XP level 2. HP: 14/15 MP: 6/11
    21 | D        | Learned a level 2 spell: Passwall
    57 | D        | Noticed an ogre
    61 | D        | Killed an ogre
    62 | D        | Reached skill level 9 in Spellcasting
    62 | D        | Reached XP level 3. HP: 19/19 MP: 8/15
    62 | D        | Reached XP level 4. HP: 24/24 MP: 9/17
    77 | D        | Learned a level 3 spell: Stone Arrow
    82 | D        | Learned a level 4 spell: Petrify
   114 | D        | Noticed Sigmund
   121 | D        | Killed Sigmund
   122 | D        | Reached skill level 11 in Spellcasting
   122 | D        | Reached skill level 10 in Earth Magic
   122 | D        | Reached XP level 5. HP: 28/28 MP: 11/21
   122 | D        | Reached XP level 6. HP: 32/32 MP: 11/22
   181 | D        | Found an ornate altar of the Wu Jian Council.
   181 | D        | Found a shimmering blue altar of Sif Muna.
   183 | D        | Found a radiant altar of Vehumet.
   186 | D        | Reached skill level 12 in Spellcasting
   198 | D        | Found Gydghe Jaunn's Assorted Antiques.
   198 | D        | Found an ancient bone altar of Kikubaaqudgha.
   198 | D        | Found a hazy altar of Hepliaklqana.
   198 | D        | Found a stormy altar of Qazlal.
   198 | D        | Found a hide-covered altar of Uskayaw.
   198 | D        | Found a blossoming altar of Fedhas.
   198 | D        | Found a bloodstained altar of Trog.
   198 | D        | Found an iron altar of Okawaru.
   198 | D        | Found a basalt altar of Yredelemnul.
   198 | D        | Found a glowing golden altar of the Shining One.
   198 | D        | Found a snail-covered altar of Cheibriados.
   198 | D        | Found a sacrificial altar of Ru.
   198 | D        | Found a glowing silver altar of Zin.
   198 | D        | Found a shadowy altar of Dithmenos.
   198 | D        | Found a white marble altar of Elyvilon.
   198 | D        | Noticed a yak
   209 | D        | Killed a yak
   210 | D        | Reached skill level 13 in Spellcasting
   214 | D        | Found an opulent altar of Gozag.
   228 | D        | Found a sparkling altar of Nemelex Xobeh.
   233 | D        | Became a worshipper of Zin the Law-Giver
   233 | D        | Reached * piety under Zin
   233 | D        | Reached ** piety under Zin
   233 | D        | Reached *** piety under Zin
   233 | D        | Reached **** piety under Zin
   233 | D        | Reached ***** piety under Zin
   233 | D        | Reached ****** piety under Zin
   236 | D        | Bought a scroll labelled XELUIT IC BIFI for 18 gold pieces
   236 | D        | Bought a scroll labelled PIPURU SOUH NOODD for 18 gold
                  | pieces
   236 | D        | Bought a scroll labelled SULIR AGUED for 18 gold pieces
   236 | D        | Bought a scroll labelled GACLOSAOL for 18 gold pieces
   236 | D        | Bought a scroll labelled LICYSA JOECEA for 18 gold pieces
   236 | D        | Bought a scroll labelled PIPURU SOUH NOODD for 18 gold
                  | pieces
   260 | D        | Noticed Sonja
   260 | D        | Paralysed by Sonja for 2 turns
   265 | D        | Killed Sonja
   266 | D        | Reached skill level 16 in Spellcasting
   266 | D        | Reached XP level 7. HP: 36/36 MP: 11/28
   266 | D        | Reached XP level 8. HP: 41/41 MP: 11/30
   283 | D        | Found Xiec's Jewellery Boutique.
   294 | D        | Noticed a shining eye
   294 | D        | Noticed a shining eye
   294 | D        | Noticed a shining eye
   294 | D        | Noticed a shining eye
   294 | D        | Noticed a shining eye
   294 | D        | Noticed a shining eye
   299 | D        | Killed a shining eye
   300 | D        | Reached skill level 17 in Spellcasting
   300 | D        | Paralysed by a floating eye for 3 turns
   304 | D        | Paralysed by a floating eye for 4 turns
   310 | D        | Reached skill level 15 in Earth Magic
   312 | D        | Killed a shining eye
   312 | D        | Paralysed by a floating eye for 3 turns
   313 | D        | Reached skill level 18 in Spellcasting
   313 | D        | Reached XP level 9. HP: 45/45 MP: 1/33
   319 | D        | Paralysed by a floating eye for 2 turns
   324 | D        | Killed a shining eye
   325 | D        | Reached skill level 19 in Spellcasting
   327 | D        | Paralysed by a floating eye for 4 turns
   332 | D        | Killed a shining eye
   334 | D        | Paralysed by a floating eye for 3 turns
   339 | D        | Paralysed by a floating eye for 4 turns
   349 | D        | Killed a shining eye
   350 | D        | Reached skill level 20 in Spellcasting
   372 | D        | Killed a shining eye
   375 | D        | Noticed a shining eye
   375 | D        | Noticed a shining eye
   382 | D        | Killed a shining eye
   383 | D        | Reached XP level 10. HP: 50/50 MP: 4/36
   385 | D        | Paralysed by a floating eye for 2 turns
   393 | D        | Paralysed by a floating eye for 3 turns
   397 | D        | Reached skill level 21 in Spellcasting
   402 | D        | Killed a shining eye
   552 | D        | Fell from the grace of Zin
   552 | D        | Became a worshipper of Vehumet
   657 | D        | Found Neellon's Assorted Antiques.
   657 | D        | Found Kugosun's Antique Armour Shop.
   657 | D        | Found Mylal's Assorted Antiques.
   657 | D        | Found Lapeh's Weapon Boutique.
   661 | D        | Bought a coral ring for 110 gold pieces
   661 | D        | Bought a bubbling yellow potion for 19 gold pieces
   661 | D        | Bought a viscous white potion for 19 gold pieces
   661 | D        | Bought a scroll labelled PIPURU SOUH NOODD for 22 gold
                  | pieces
   661 | D        | Bought a smoky red potion for 19 gold pieces
   661 | D        | Bought a scroll labelled PIPURU SOUH NOODD for 22 gold
                  | pieces
   663 | D        | Bought a scroll labelled GACLOSAOL for 30 gold pieces
   690 | D        | Noticed a deep troll
   703 | D        | Killed a deep troll
   718 | D        | Found Nopelydgh's Armour Emporium.
   806 | D        | Found a burning altar of Makhleb.
   806 | D        | Found a viscous altar of Jiyva.
   806 | D        | Found a shimmering altar of Xom.
   806 | D        | Found a corrupted altar of Lugonu.
   896 | D        | Reached * piety under Vehumet
   896 | D        | Offered knowledge of Kiss of Death by Vehumet.
   897 | D        | Reached skill level 22 in Spellcasting
   897 | D        | Noticed a sixfirhy
  1003 | D        | Noticed a centaur warrior
  1011 | D        | HP: 1/50 [centaur warrior (2)]
  1011 | D        | Slain by a centaur warrior

Illustrated notes

Levels and vault maps discovered:
D:        dungeon_sprint_1 [red_sonja_temple_1, red_sonja_temple_small_1]

Skill      XL: |  1  2  3  4  5  6  7  8  9 10 |
---------------+-------------------------------+-----
Spellcasting   | 6 9 11 16 18 20 22 | 22.3
Earth Magic    | 5 7 10 13 15 18 19 | 19.3
Dodging        | |  2.4
Stealth        | |  2.4
Transmutations | |  1.1

Action                     |  1- 3 |  4- 6 |  7- 9 | 10-12 || total
---------------------------+-------+-------+-------+-------++-------
  Melee: Unarmed           |     8 |       |       |       ||     8
         Dagger            |       |       |    35 |    10 ||    45
   Cast: Sandblast         |     4 |    13 |    19 |     7 ||    43
         Petrify           |       |     3 |       |     6 ||     9
         Stone Arrow       |       |     3 |     6 |    19 ||    28
  Evoke: Wand              |     1 |       |       |       ||     1
    Use: Potion            |     2 |       |       |       ||     2
         Scroll            |     1 |       |       |       ||     1
 Armour: Robe              |     1 |       |       |       ||     1
  Dodge: Dodged            |     1 |     3 |       |     1 ||     5
